 Dungeon Crawl Stone Soup version 0.21-a0-405-gf2af9a1 (webtiles) character file.

885 TheDeThijs the Spear-Bearer (level 8, -3/60 HPs)
             Began as a Merfolk Gladiator on Nov 1, 2017.
             Was a Follower of Zin.
             Slain by a bullfrog zombie (5 damage)
             ... in an ossuary.
             The game lasted 00:28:37 (5645 turns).

TheDeThijs the Spear-Bearer (Merfolk Gladiator)     Turns: 5645, Time: 00:28:37

Health: -3/60      AC:  4    Str: 16    XL:     8   Next: 5%
Magic:  9/9        EV: 15    Int:  8    God:    Zin [*.....]
Gold:   151        SH:  0    Dex: 15    Spells: 7/7 levels left

rFire    . . .     SeeInvis .   d - +1 halberd (freeze)
rCold    . . .     Gourm    .   (shield currently unavailable)
rNeg     . . .     Faith    .   b - +0 leather armour
rPois    .         Spirit   .   c - +0 helmet
rElec    .         Reflect  .   (no cloak)
rCorr    .         Harm     .   (no gloves)
MR       .....                  (no boots)
Stlth    ++........             (no amulet)
HPRegen  0.20/turn              (no ring)
MPRegen  0.11/turn              (no ring)

@: no status effects
A: change form in water, swift swim, stealthy swim
a: Recite, Donate Gold, Renounce Religion


You were in an ossuary.
You worshipped Zin.
Zin was aware of your devotion.
You were not hungry.

You visited 2 branches of the dungeon, and saw 6 of its levels.
You also visited: Ossuary.

You collected 167 gold pieces.
You donated 16 gold pieces to Zin.

Inventory:

Hand Weapons
 a - a +0 trident
 d - a +1 halberd of freezing (weapon)
 g - a +1 antimagic trident
Missiles
 f - 140 stones (quivered)
Armour
 b - a +0 leather armour (worn)
 c - a +0 helmet (worn)
 l - a +0 scale mail
Jewellery
 u - the ring "Tousoos" {+Fly rF++ Int+6 Dex-5}
   (You found it in an ossuary)

   [ring of flight]

   It affects your intelligence (+6).
   It affects your dexterity (-5).
   It greatly protects you from fire.
   It lets you fly.
Scrolls
 e - a scroll of amnesia
 h - 5 scrolls of remove curse
 i - 4 scrolls of identify
 j - a scroll of noise {unknown}
 m - 2 scrolls of random uselessness {unknown}
 s - a scroll of fear {unknown}
 t - a scroll of enchant armour {unknown}
 v - a scroll of immolation {unknown}
 w - a scroll of blinking {unknown}
Potions
 o - a potion of brilliance {unknown}
 q - a potion of agility {unknown}
Books
 p - a book of Maledictions

   Spells                             Type                      Level
   a - Corona                         Hexes                        1
   b - Ensorcelled Hibernation        Hexes/Ice                    2
   c - Confuse                        Hexes                        3
   d - Tukima's Dance                 Hexes                        3
   e - Dazzling Spray                 Conjuration/Hexes            3
Comestibles
 k - a royal jelly
 n - 2 meat rations
 r - 7 fruits


   Skills:
 + Level 4.2 Fighting
 + Level 11.0 Polearms
 - Level 2.0 Throwing
 - Level 0.1 Armour
 - Level 5.5 Dodging
 - Level 1.5 Stealth
 * Level 1.7 Invocations


You had 7 spell levels left.
You didn't know any spells.

Dungeon Overview and Level Annotations

Branches:
Dungeon (5/15)             Temple (1/1) D:4

Altars:
Fedhas
Kikubaaqudgha
Nemelex Xobeh
Qazlal
Sif Muna
Trog
Uskayaw
Vehumet
Xom
Yredelemnul
Zin
Lugonu

Annotations:
D:1 Terence
D:3 exclusion: oklob plant


Message History

The bullfrog zombie barely misses you.
You slash the bullfrog zombie!
The bullfrog zombie is heavily damaged.
The bullfrog zombie closely misses you. The bullfrog zombie hits you.
* * * LOW HITPOINT WARNING * * *
You hit the bullfrog zombie.
The bullfrog zombie is severely damaged.
The bullfrog zombie hits you.
* * * LOW HITPOINT WARNING * * *
You closely miss the bullfrog zombie.
The bullfrog zombie is severely damaged.
The bullfrog zombie closely misses you.
You barely miss the bullfrog zombie.
The bullfrog zombie is severely damaged.
The bullfrog zombie hits you.
* * * LOW HITPOINT WARNING * * *
You closely miss the bullfrog zombie.
The bullfrog zombie is severely damaged.
The bullfrog zombie hits you.
You die...

#≈≈ ≈###≈≈
#≈≈ ####≈ ≈≈#
#≈≈≈#≈≈≈##≈#
#P≈M≈.#P≈≈#
≈#≈≈≈#'#.≈##
≈≈≈≈Z≈≈≈≈≈.P#
###≈#####.#≈#
#...#..P#
#..@Z≈≈≈#
#...#≈..##
#####.≈#≈#
#.'≈≈.≈#
#####.####
#∩..#.+
#.∩.'.#
#...#.+
#####.#


You could see a bullfrog zombie.

Vanquished Creatures
  A scorpion (D:4)
  5 wights
  A crimson imp (D:5)
  A centaur zombie (Ossuary)
  A hound (D:5)
  An orc priest (D:4)
  A centaur skeleton (D:4)
  3 orc wizards
  4 mummies (Ossuary)
  Natasha (twice) (D:4)
  An iguana (D:4)
  A worker ant (D:4)
  A killer bee zombie (Ossuary)
  A howler monkey zombie (Ossuary)
  5 adders
  3 gnolls (D:3)
  2 oozes
  A dart slug (D:1)
  3 leopard geckos
  9 orcs
  3 giant cockroaches
  5 goblins
  11 hobgoblins
  11 jackals
  10 kobolds
  3 quokkas
  4 bats
  3 frilled lizards
  A goblin zombie (D:5)
  A quokka zombie (D:5)
  6 rats
105 creatures vanquished.

Notes
Turn   | Place    | Note
-------+----------+-------------------------------------------
     0 | D:1      | TheDeThijs the Merfolk Gladiator began the quest for the Orb.
     0 | D:1      | Reached XP level 1. HP: 16/16 MP: 1/1
    58 | D:1      | Reached skill level 5 in Polearms
    63 | D:1      | Reached XP level 2. HP: 18/22 MP: 2/2
   703 | D:2      | Noticed Terence
   992 | D:2      | Reached XP level 3. HP: 23/27 MP: 3/3
  1146 | D:1      | Reached skill level 6 in Polearms
  1552 | D:2      | Reached XP level 4. HP: 32/33 MP: 4/4
  1685 | D:2      | Reached skill level 1 in Stealth
  1722 | D:2      | Found a stormy altar of Qazlal.
  1840 | D:3      | Reached skill level 5 in Dodging
  1865 | D:2      | Reached XP level 5. HP: 13/38 MP: 5/5
  2185 | D:3      | Reached skill level 7 in Polearms
  2890 | D:3      | Found a blossoming altar of Fedhas.
  2954 | D:3      | Found a sparkling altar of Nemelex Xobeh.
  3335 | D:3      | Noticed an oklob plant
  3427 | D:3      | Reached skill level 8 in Polearms
  3427 | D:3      | Reached XP level 6. HP: 25/44 MP: 6/6
  4154 | D:4      | Reached skill level 9 in Polearms
  4254 | D:4      | Reached XP level 7. HP: 33/52 MP: 7/7
  4816 | D:4      | Reached skill level 10 in Polearms
  4957 | D:4      | Noticed Natasha
  4975 | D:4      | Killed Natasha
  4983 | D:4      | Found a staircase to the Ecumenical Temple.
  4992 | Temple   | Entered the Ecumenical Temple
  5005 | Temple   | Became a worshipper of Zin the Law-Giver
  5005 | Temple   | Reached * piety under Zin
  5099 | D:4      | Noticed Natasha
  5113 | D:4      | Killed Natasha
  5352 | D:4      | Found a deep blue altar of Sif Muna.
  5452 | D:5      | Entered Level 5 of the Dungeon
  5527 | D:5      | Reached skill level 1 in Invocations
  5538 | D:5      | Found a sand-covered staircase.
  5557 | Ossuary  | Entered an ossuary
  5587 | Ossuary  | Got a crude wooden ring
  5597 | Ossuary  | Identified the ring "Tousoos" {+Fly rF++ Int+6 Dex-5} (You found it in an ossuary)
  5615 | Ossuary  | Reached XP level 8. HP: 55/60 MP: 7/9
  5630 | Ossuary  | Reached skill level 11 in Polearms
  5644 | Ossuary  | HP: 2/60 [bullfrog zombie (5)]
  5645 | Ossuary  | Slain by a bullfrog zombie

Vault maps used:
D:1:      eino_arrival_druids_welcome, minmay_misc_feat_tiny
D:2:      nicolae_overflow_crystal_walls, grunt_decor_mini_mirrors, uniq_terence
D:3:      tgw_fedhas, nemelex_xobeh_ov_fountains_minmay
D:4:      lemuel_blue_sif_altar, minmay_temple_entry_statues_pillars,
          first_bread, kennysheep_generic_room_5, uniq_natasha
D:5:      grunt_dithmenos_smoke, kennysheep_mini_moat, okawaru_gym_becter,
          enter_ossuary_4, dk_vineyard_3, hangedman_decor_clover_reticule
Temple:   corrupted_temple
Ossuary:  ossuary_zaba_flooded

Skill      XL: |  1  2  3  4  5  6  7  8 |
---------------+-------------------------+-----
Polearms       | 5 6 8 9 10 11 | 11.0
Stealth        | 1 |  1.5
Dodging        | 5 |  5.5
Fighting       | 3 4 |  4.2
Invocations    | 1 |  1.7
Throwing       | |  2.0
Armour         | |  0.1

Action                   |  1- 3 |  4- 6 |  7- 9 || total
-------------------------+-------+-------+-------++-------
Melee: Trident           |   114 |   267 |    39 ||   420
       Halberd           |       |       |    80 ||    80
Throw: Throwing net      |     3 |       |       ||     3
       Stone             |       |    48 |     7 ||    55
  Use: Potion            |     2 |       |     6 ||     8
       Scroll            |       |       |     5 ||     5
 Stab: Sleeping          |     2 |       |     2 ||     4
  Eat: Bread ration      |     1 |       |     1 ||     2
       Chunk             |       |     4 |       ||     4
       Royal jelly       |       |     1 |     1 ||     2
       Fruit             |       |       |     1 ||     1
Armor: Leather armour    |    22 |    44 |    13 ||    79
Dodge: Dodged            |    69 |   168 |    85 ||   322

Table legend:
 A = Spawn XP
 B = Non-spawn XP
 C = Spawn XP percentage of total XP
 D = Spawn monster count
 E = Non-spawn monster count
 F = Spawn count percentage of total count
 G = Total turns spent on level
                    A         B        C        D         E        F      G
               +---------+---------+-------+---------+---------+-------+---------
         Total |       0 |    1265 |   0.0 |       0 |     105 |   0.0 |  5645
               +---------+---------+-------+---------+---------+-------+---------
           D:1 |       0 |      65 |   0.0 |       0 |      20 |   0.0 |   922
           D:2 |       0 |      77 |   0.0 |       0 |      20 |   0.0 |  1179
           D:3 |       0 |     264 |   0.0 |       0 |      40 |   0.0 |  2302
           D:4 |       0 |     545 |   0.0 |       0 |      14 |   0.0 |  1024
           D:5 |       0 |      95 |   0.0 |       0 |       4 |   0.0 |   105
       Ossuary |       0 |     219 |   0.0 |       0 |       7 |   0.0 |    88
               +---------+---------+-------+---------+---------+-------+---------
